 Dungeon Crawl Stone Soup version 0.30.0-5-g1a98f26d00 (webtiles) character file.

Game seed: 4632955761847441460

53559 javelincjr the Fighter (level 15, -3/127 HPs)
             Began as a Djinni Fire Elementalist on May 3, 2023.
             Was a High Priest of Qazlal.
             Killed from afar by a lindwurm (10 damage)
             ... with a blast of flame
             ... on level 5 of the Lair of Beasts on May 11, 2023.
             The game lasted 02:44:12 (22426 turns).

javelincjr the Fighter (Djinni Fire Elementalist)  Turns: 22426, Time: 02:44:13

Health: -3/127     AC: 13    Str: 10    XL:     15   Next: 10%
Gold:   1205       EV: 15    Int: 27    God:    Qazlal [*****.] SH:  7 Dex: 10

rFire   + + +        J - +7 staff of the Meek {protect, meekguard}
rCold   x . .        (shield currently unavailable)
rNeg    . . .        G - +3 leather armour
rPois   ∞            E - +1 helmet "Wopnikimm" {rCorr Str-4 Int+6}
rElec   +            R - +0 cloak {Stlth+}
rCorr   +            e - +1 pair of gloves {Stlth+}
SInv    .            (boots unavailable)
Will    +....        L - amulet of regeneration
Stlth   +            t - ring "Sufirage" {Fly Str+3}
HPRegen 1.21/turn    I - ring "Doamusaec" {rElec rPois Str+2 Dex-5}
MPRegen 0.00/turn

%: repel missiles, infuse magic (-4 HP)
@: protected from fire, flying, studying Dodging, invisible
A: sickness immunity, fire resistance 2, cold vulnerability 1, float, innate
caster, HP casting, extra vitality 1, robust 1
a: Renounce Religion, Upheaval, Elemental Force, Disaster Area


You were on level 5 of the Lair of Beasts.
You worshipped Qazlal.
Qazlal was extremely pleased with you.
You visited 3 branches of the dungeon, and saw 19 of its levels.
You also visited: Sewer, Ossuary and Gauntlet.

You collected 1625 gold pieces.
You spent 420 gold pieces at shops.

Inventory:

Hand Weapons
 x - the +12 dagger of Ofaur {drain, Int+2}
   (You found it on level 4 of the Lair of Beasts)

   Int:       It affects your intelligence (+2).
 J - the +7 staff of the Meek (weapon) {protect, meekguard}
   (You found it on level 9 of the Dungeon)
Armour
 b - a +0 hat of see invisible
 e - a +1 pair of gloves of stealth (worn)
 E - the +1 helmet "Wopnikimm" (worn) {rCorr Str-4 Int+6}
   (You found it on level 7 of the Dungeon)

   Str:       It affects your strength (-4).
   Int:       It affects your intelligence (+6).
   rCorr:     It protects you from acid and corrosion.
 G - a +3 leather armour (worn)
 R - a +0 cloak of stealth (worn)
Jewellery
 t - the ring "Sufirage" (left hand) {Fly Str+3}
   (You found it on level 4 of the Dungeon)

   [ring of flight]

   Str:       It affects your strength (+3).
   Fly:       It grants you flight.
 I - the ring "Doamusaec" (right hand) {rElec rPois Str+2 Dex-5}
   (You found it on level 8 of the Dungeon)

   [ring of poison resistance]

   Str:       It affects your strength (+2).
   Dex:       It affects your dexterity (-5).
   rElec:     It insulates you from electricity.
   rPois:     It protects you from poison.
 L - an amulet of regeneration (around neck)
 V - the ring "Moapnon" {*Slow Fly rN+ Int-2 Dex+4}
   (You found it in a Gauntlet)

   [ring of positive energy]

   Int:       It affects your intelligence (-2).
   Dex:       It affects your dexterity (+4).
   rN:        It protects you from negative energy.
   Fly:       It grants you flight.
   *Slow:     It may slow you when you take damage.
 Z - a ring of ice
Wands
 c - a wand of iceblast (10)
 j - a wand of polymorph (14)
 y - a wand of digging (7)
 C - a wand of flame (43)
 K - a wand of paralysis (15)
Scrolls
 d - 13 scrolls of teleportation
 m - 6 scrolls of poison
 n - 5 scrolls of immolation
 r - a scroll of fear
 s - 3 scrolls of blinking
 v - 3 scrolls of brand weapon
 A - 4 scrolls of magic mapping
 M - 3 scrolls of fog
 N - 5 scrolls of enchant weapon
 Y - a scroll of torment
Potions
 f - a potion of heal wounds
 h - 2 potions of mutation
 i - 14 potions of curing
 k - 2 potions of might
 l - 5 potions of cancellation
 p - 4 potions of brilliance
 u - a potion of invisibility
 w - 3 potions of resistance
 z - 3 potions of haste
 F - 2 potions of lignification
 H - a potion of ambrosia
Miscellaneous
 U - a phantom mirror


   Skills:
 * Level 13.9 Fighting
 - Level 3.4(5.0) Polearms
 + Level 6.0(6.5) Staves
 + Level 9.7 Armour
 + Level 12.3 Dodging
 - Level 2.2 Stealth
 * Level 9.6 Spellcasting
 + Level 8.1 Invocations


You knew the following spells:

 Your Spells              Type           Power      Damage    Failure   Level
a - Foxfire               Conj/Fire      100%       2x1d9     1%          1
b - Scorch                Fire           100%       2d9       1%          2
c - Volatile Blastmotes   Fire/Tloc      100%       2d18      1%          3
d - Inner Flame           Hex/Fire       60%        N/A       1%          3
e - Flame Wave            Conj/Fire      60%        2d14      1%          4
f - Summon Small Mammal   Summ           100%       N/A       1%          1
g - Blink                 Tloc           100%       N/A       1%          2
h - Tukima's Dance        Hex            60%        N/A       1%          3
i - Frozen Ramparts       Ice            100%       1d16      1%          3
j - Airstrike             Air            30%        2d(5-21)  1%          4
k - Fireball              Conj/Fire      30%        3d13      3%          5
l - Simulacrum            Ice/Necr       30%        N/A       17%         6
Your spell library was empty.

Dungeon Overview and Level Annotations

Branches:
Dungeon (13/15)            Temple (1/1) D:7            Lair (5/5) D:10
 Shoals (0/4) Lair:2        Snake (0/4) Lair:2        Slime (0/5) Lair:4
    Orc (0/2) D:10          Sewer (visited)         Ossuary (visited)
Gauntlet (visited)
 Vaults: D:13-14

Altars:
Ashenzari
Cheibriados
Dithmenos
Elyvilon
Fedhas
Gozag
Hepliaklqana
Makhleb
Nemelex Xobeh
Okawaru
Qazlal
Ru
Trog
Uskayaw
Wu Jian
Xom
Yredelemnul
Zin
The Shining One
Jiyva

Shops:
D:1 ![   D:4 *   D:6 !   D:10 =


Innate Abilities, Weirdness & Mutations

You are immune to sickness and miasma.
You are immune to poison.
Your flesh is very heat resistant. (rF++)
You are vulnerable to cold. (rC-)
You float through the air rather than walking.
You learn spells naturally, not from books.
Your magical power is your life essence.
You have superior vitality. (+4 MHP)
You are robust. (+10% HP)


Message History

Snorg barely misses you. Snorg claws you!
* * * LOW HITPOINT WARNING * * *
Snorg claws you.
* * * LOW HITPOINT WARNING * * *
The wall freezes the cane toad!
The cane toad stings you!
* * * LOW HITPOINT WARNING * * *
A wave of flame ripples out!
The flame wave engulfs the cane toad!
You kill the cane toad!
Qazlal accepts your kill.
The flame wave engulfs Snorg!
Qazlal accepts your kill.
You hear a sizzling sound!
* * * LOW HITPOINT WARNING * * *
Snorg explodes!
The fiery explosion engulfs you! You resist.
You feel more protected from fire.
* * * LOW HITPOINT WARNING * * *
The lindwurm breathes flames at you. The blast of flame hits you. You resist.
* * * LOW HITPOINT WARNING * * *
Your Staves skill increases to level 6!
Your frozen ramparts will break if you move.
Continue?
The frozen ramparts melt away as you move.
The lindwurm bites you.
* * * LOW HITPOINT WARNING * * *
The lindwurm claws you but does no damage.
The lindwurm claws you.
* * * LOW HITPOINT WARNING * * *
Casting: Flame Wave (mildly dangerous; 1% risk of failure)
Confirm with . or Enter, or press ? or * to list all spells.
Okay, then.
You fade into invisibility!
The lindwurm bites you!
* * * LOW HITPOINT WARNING * * *
The lindwurm claws you but does no damage.
The lindwurm closely misses you. The lindwurm breathes flames at you.
The blast of flame hits you! You resist.
You feel more protected from fire.
You die...

.. #...#... # ##
##......##. .. # #....
..#.##.##.#.....#
#....##...........#....
##...#..#...8...+...8.#
#...○.○.........#......
#...☼..#....#. #......
#...☼@.k#.....###....l
#....##.####.##.###'.#
#..##.######...###.†k.
#. #..P#.##$..##...T. #
#......#†....8.<.8
#...........#.....
#....##.....##.8..
#....##.......####
##..####...####


You could see a lindwurm (unable to see you, catching breath).

Vanquished Creatures
  Gastronok (D:8)
  A minotaur (Gauntlet)
  A dire elephant (Lair:2)
  Snorg (Lair:5)
  6 hydras
  2 centaur warriors
  A two-headed ogre (D:10)
  A boulder beetle (D:12)
  2 death knights
  A catoblepas (Lair:2)
  Urug (Lair:3)
  A wretched star (Gauntlet)
  A soul eater (Gauntlet)
  2 skeletal warriors
  2 lindwurms
  2 orc knights
  2 ugly things
  An orc sorcerer (D:10)
  An oklob plant (Lair:3)
  A manticore (D:9)
  3 cyclopes
  13 elephants
  An ice statue (Gauntlet)
  3 black mambas
  6 cane toads
  2 unseen horrors (D:12)
  6 unseen horror zombies (D:9)
  2 freezing wraiths (D:13)
  5 rime drakes
  5 komodo dragons
  4 trolls
  3 polar bears
  3 hornets
  A snapping turtle (Lair:2)
  A shadow (D:11)
  4 wyverns
  44 yaks
  3 vampires
  6 basilisks
  7 wraiths
  4 vampire mosquitoes (D:13)
  3 neqoxecs (Gauntlet)
  2 nagas (Lair:2)
  2 dancing weapons
  10 water moccasins
  15 orc warriors
  A sky beast (D:7)
  5 black bears
  2 ice beasts
  6 ogres
  A hornet zombie (Ossuary)
  18 wolves
  4 centaurs
  2 kobold brigands
  10 bullfrogs
  2 scorpions
  3 wyvern zombies (Ossuary)
  9 wights
  4 killer bees (D:9)
  An electric eel (Lair:2)
  2 howler monkeys (D:8)
  5 centaur zombies
  6 bullfrog zombies (Ossuary)
  2 jellies (D:6)
  3 hounds
  7 orc priests
  2 gnoll boudas
  A sleepcap (D:5)
  3 iguanas
  12 orc wizards
  4 hell rats (Lair:2)
  2 killer bee zombies (Ossuary)
  6 howler monkey zombies
  15 mummies
  9 gnolls
  13 adders
  6 river rats (Sewer)
  4 shadow imps
  2 ufetubi
  5 worms
  39 orcs
  8 bats
  9 endoplasms
  8 giant cockroaches
  3 goblins
  10 hobgoblins
  6 quokkas
  24 ball pythons
  10 frilled lizards
  13 kobolds
  2 kobold zombies (D:8)
  31 rats
  2 butterflies (Lair:1)
531 creatures vanquished.

Vanquished Creatures (collateral kills)
  A centaur warrior (D:13)
  A naga (Lair:2)
  3 orcs (D:8)
  2 kobolds (D:6)
  4 foxfires (Lair:2)
11 creatures vanquished.

Vanquished Creatures (others)
  9 dancing weapons
  1037 foxfires
1046 creatures vanquished.

Grand Total: 1588 creatures vanquished

Notes
Turn   | Place    | Note
-------+----------+-------------------------------------------
     0 | D:1      | javelincjr the Djinni Fire Elementalist began the quest for
                  | the Orb.
     0 | D:1      | javelincjr set off with the following spells memorised:
                  | Foxfire, Scorch, Volatile Blastmotes, Inner Flame, Flame
                  | Wave.
     0 | D:1      | Reached XP level 1. HP: 15/15 MP: 0/0
   136 | D:1      | Reached XP level 2. HP: 19/21 MP: 0/0
   663 | D:1      | Found Uhain's Distillery.
   779 | D:1      | Reached XP level 3. HP: 23/26 MP: 0/0
   779 | D:1      | Learned a level 1 spell: Summon Small Mammal
   821 | D:1      | Reached skill level 1 in Fighting
   990 | D:1      | Found Texahogg's Armour Shoppe.
  1301 | D:2      | Reached XP level 4. HP: 28/32 MP: 0/0
  1496 | D:2      | Found an ornate altar of the Wu Jian Council.
  1750 | D:3      | Reached skill level 2 in Fighting
  2122 | D:3      | Reached XP level 5. HP: 36/38 MP: 0/0
  2122 | D:3      | Learned a level 2 spell: Blink
  2372 | D:3      | Found a burning altar of Makhleb.
  2372 | D:3      | Noticed a green death
  2375 | D:3      | Noticed a neqoxec
  2375 | D:3      | Noticed a neqoxec
  2538 | D:3      | Found a hide-covered altar of Uskayaw.
  2626 | D:4      | Found Zin's Purification Station.
  2628 | D:4      | Found a glowing silver altar of Zin.
  2665 | D:4      | Found a glowing drain.
  2678 | D:4      | Identified the ring "Sufirage" {Fly Str+3}
  2708 | Sewer    | Entered a sewer
  2927 | Sewer    | Reached skill level 1 in Armour
  3002 | Sewer    | Reached skill level 3 in Fighting
  3037 | Sewer    | Reached XP level 6. HP: 40/46 MP: 0/0
  3339 | Sewer    | Reached XP level 7. HP: 33/51 MP: 0/0
  3339 | Sewer    | Learned a level 3 spell: Tukima's Dance
  3757 | D:4      | Reached skill level 4 in Fighting
  3994 | D:4      | Found a bloodstained altar of Trog.
  4286 | D:5      | Entered Level 5 of the Dungeon
  4286 | D:5      | Noticed a water moccasin
  4290 | D:5      | Killed a water moccasin
  5069 | D:5      | Reached skill level 5 in Fighting
  5069 | D:5      | Reached XP level 8. HP: 54/59 MP: 0/0
  5371 | D:5      | Found an iron altar of Okawaru.
  5768 | D:6      | Noticed a yak
  5771 | D:6      | Noticed a yak
  5776 | D:6      | Noticed a yak
  5790 | D:6      | Killed a yak
  5791 | D:6      | Reached skill level 5 in Dodging
  5976 | D:6      | Reached skill level 6 in Fighting
  6041 | D:6      | HP: 3/61 [orc/+0 hand axe of freezing (1)]
  6270 | D:6      | Reached XP level 9. HP: 27/67 MP: 0/0
  6270 | D:6      | Learned a level 3 spell: Frozen Ramparts
  6638 | D:6      | Reached skill level 7 in Fighting
  7014 | D:6      | Found Ywuubb's Distillery.
  7563 | D:6      | Reached skill level 5 in Armour
  7563 | D:6      | Reached skill level 5 in Spellcasting
  7852 | D:7      | Reached skill level 8 in Fighting
  7855 | D:7      | Identified the +1 helmet "Wopnikimm" {rCorr Str-4 Int+6}
  7987 | D:7      | Reached XP level 10. HP: 71/76 MP: 0/0
  8335 | D:7      | Found a staircase to the Ecumenical Temple.
  8344 | Temple   | Entered the Ecumenical Temple
  8344 | Temple   | Found a transporter.
  8344 | Temple   | Found a transporter.
  8346 | Temple   | Found a transporter.
  8346 | Temple   | Found a transporter.
  8368 | Temple   | Became a worshipper of Qazlal Stormbringer
  8594 | D:8      | Noticed Gastronok
  8602 | D:8      | Killed Gastronok
  8603 | D:8      | Reached skill level 1 in Polearms
  8724 | D:8      | Reached skill level 9 in Fighting
  8790 | D:8      | Found a sand-covered staircase.
  8908 | Ossuary  | Entered an ossuary
  9128 | Ossuary  | HP: 1/78 [spore (10)]
  9144 | Ossuary  | Reached * piety under Qazlal
  9495 | Ossuary  | Reached XP level 11. HP: 76/84 MP: 0/0
  9495 | Ossuary  | Learned a level 4 spell: Airstrike
  9956 | D:8      | Identified the ring "Doamusaec" {rElec rPois Str+2 Dex-5}
 10325 | D:8      | Reached ** piety under Qazlal
 10574 | D:9      | Reached skill level 10 in Fighting
 11046 | D:9      | Found the +7 staff of the Meek {protect, meekguard}
 11440 | D:9      | Found a white marble altar of Elyvilon.
 11468 | D:9      | Found a runed translucent door.
 11476 | D:9      | Reached *** piety under Qazlal
 11485 | D:9      | Noticed an orc knight
 11739 | D:9      | Noticed a manticore
 11743 | D:9      | Killed a manticore
 11744 | D:9      | Reached skill level 1 in Staves
 12236 | D:9      | Killed an orc knight
 12237 | D:9      | Reached XP level 12. HP: 58/93 MP: 0/0
 12448 | D:9      | Identified a scroll of acquirement
 12451 | D:9      | Acquired 512 gold pieces
 12476 | D:10     | Entered Level 10 of the Dungeon
 12578 | D:10     | Reached skill level 11 in Fighting
 12578 | D:10     | Reached skill level 5 in Invocations
 12804 | D:10     | Found a staircase to the Lair.
 12838 | D:10     | Noticed a centaur warrior
 12842 | D:10     | Killed a centaur warrior
 13160 | D:10     | Found Osack's Jewellery Shop.
 13161 | D:10     | Found a staircase to the Orcish Mines.
 13205 | D:10     | Bought an amulet of regeneration for 420 gold pieces
 13227 | D:10     | Noticed a two-headed ogre
 13231 | D:10     | Killed a two-headed ogre
 13331 | D:10     | Found a transporter.
 13567 | D:10     | You are sucked into a shaft and drop 1 floor!
 13679 | D:11     | Reached **** piety under Qazlal
 13894 | D:10     | Found the +5 scythe "Finisher" {speed, execute}
 14002 | D:10     | Noticed a skeletal warrior
 14018 | D:10     | Killed a skeletal warrior
 14129 | D:10     | Found a transporter.
 14415 | D:11     | Reached XP level 13. HP: 69/100 MP: 0/0
 14415 | D:11     | Learned a level 5 spell: Fireball
 14748 | D:12     | Found a gate leading to a gauntlet.
 14756 | Gauntlet | Entered a Gauntlet
 14756 | Gauntlet | Found a transporter.
 14756 | Gauntlet | Found a runed translucent gate.
 14756 | Gauntlet | Found a runed translucent gate.
 14760 | Gauntlet | Found a runed translucent gate.
 14760 | Gauntlet | Found a transporter.
 14762 | Gauntlet | Found a transporter.
 14777 | Gauntlet | Found a transporter.
 14779 | Gauntlet | Found a transporter.
 14794 | Gauntlet | Found a transporter.
 14805 | Gauntlet | Noticed a green death
 14808 | Gauntlet | Found a transporter.
 14821 | Gauntlet | Found a transporter.
 14827 | Gauntlet | Found a runed translucent door.
 14828 | Gauntlet | Found a transporter.
 14829 | Gauntlet | Found a runed translucent door.
 14843 | Gauntlet | Found a transporter.
 14853 | Gauntlet | Found a transporter.
 14887 | Gauntlet | Found a transporter.
 14914 | Gauntlet | Found a transporter.
 14928 | Gauntlet | Found a transporter.
 15036 | Gauntlet | Reached skill level 12 in Fighting
 15173 | Gauntlet | Gained mutation: You have hidden genetic defects. [a
                  | neqoxec]
 15199 | Gauntlet | Identified the ring "Moapnon" {*Slow Fly rN+ Int-2 Dex+4}
 15203 | Gauntlet | Lost mutation: You have hidden genetic defects. [potion of
                  | mutation]
 15203 | Gauntlet | Gained mutation: You have a pair of small horns on your
                  | head. [potion of mutation]
 15204 | Gauntlet | Lost mutation: You have a pair of small horns on your head.
                  | [potion of mutation]
 15204 | Gauntlet | Gained mutation: You are robust. (+10% HP) [potion of
                  | mutation]
 15322 | Gauntlet | Noticed a minotaur
 15399 | Gauntlet | Killed a minotaur
 16034 | D:12     | Reached skill level 10 in Dodging
 16320 | D:13     | Noticed a centaur warrior
 16327 | D:13     | Killed a centaur warrior
 16678 | D:13     | Noticed a centaur warrior
 16684 | D:13     | Killed a centaur warrior
 17531 | Lair:1   | Entered Level 1 of the Lair of Beasts
 18473 | Lair:2   | Reached XP level 14. HP: 80/118 MP: 0/0
 18686 | Lair:2   | Reached skill level 13 in Fighting
 18720 | Lair:2   | Reached skill level 5 in Staves
 18900 | Lair:2   | Reached ***** piety under Qazlal
 18996 | Lair:2   | Noticed a dire elephant
 19015 | Lair:2   | Killed a dire elephant
 19354 | Lair:2   | Found a staircase to the Shoals.
 19663 | Lair:2   | Found a staircase to the Snake Pit.
 19704 | Lair:3   | Noticed Urug
 19714 | Lair:3   | Killed Urug
 19833 | Lair:3   | Upgraded the game from 0.30-b1-5-g8e6c1be481 to
                  | 0.30.0-5-g1a98f26d00
 20415 | Lair:3   | Found a blossoming altar of Fedhas.
 21435 | Lair:4   | Identified the +12 dagger of Ofaur {drain, Int+2}
 21655 | Lair:4   | Found a viscous altar of Jiyva.
 21655 | Lair:4   | Found a staircase to the Slime Pits.
 22364 | Lair:5   | Entered Level 5 of the Lair of Beasts
 22378 | Lair:5   | Reached XP level 15. HP: 97/127 MP: 0/0
 22378 | Lair:5   | Learned a level 6 spell: Simulacrum
 22398 | Lair:5   | Noticed Snorg
 22411 | Lair:5   | Killed Snorg
 22411 | Lair:5   | HP: 6/127 [spore (7)]
 22424 | Lair:5   | HP: 4/127 [lindwurm (12)]
 22426 | Lair:5   | Killed from afar by a lindwurm

Illustrated notes

Levels and vault maps discovered:
D:1:      dpeg_arrival_ternary, layout_basic, serial_shops, shop,
          nicolae_shop_peninsula, minmay_misc_feat_cross, st_stairs_7
D:2:      layout_rooms, basic_altar, minmay_heptomino_d4
D:3:      layout_loops_corners, nicolae_uskayaw_suspiria,
          makhleb_altar_promises_db, minivault_4
D:4:      layout_loops_ring, lemuel_doored_altar, zin_purify,
          portal_sewer_entry_a, kennysheep_minor_cross
D:5:      layout_layer_cave, mainiacjoe_overflow_chevrons
D:6:      layout_basic, nicolae_vehumet_altar_sigil, serial_shops,
          nicolae_shop_trees, minmay_crystal_room
D:7:      layout_basic, minmay_temple_entry_poolview, serial_glass,
          glass_columns_b, glass_columns_a, grunt_ogre_cave
D:8:      layout_basic, nicolae_ossuary_entry_giza, special_room
          [special_room_orc], uniq_gastronok
D:9:      layout_rooms, marbit_many_paths, serial_undead, serial_undead_b,
          serial_undead_c, serial_undead_f, serial_undead_a,
          small_chamber_with_monster, lightli_church_of_beogh
D:10:     gammafunk_beogh_shrine, layout_irregular_city, david_lair_generic,
          orc_0_dummy, serial_shops, nicolae_shop_tiny_glass,
          minmay_guarded_unrand_finisher
D:11:     layout_basic
D:12:     layout_grid_maze, gauntlet_entry_generic,
          chequers_serial_rivers_micro_c, drop_trap
D:13:     layout_loops_cross
Temple:   hellmonk_temple_divided_pantheon
Lair:1:   layout_cave_pods, serial_rivers, chequers_serial_rivers_small_a,
          chequers_serial_rivers_micro_e, chequers_serial_rivers_small_3,
          chequers_serial_rivers_room_b, chequers_serial_rivers_micro_e,
          lemuel_fruit_fields
Lair:2:   layout_gridlike, minmay_shoals_entry_hut, nicolae_snake_entry_squirm,
          nicolae_lair_grazing_beasts [nicolae_sub_lair_graze_edge,
          nicolae_sub_lair_graze_edge, nicolae_sub_lair_graze_edge,
          nicolae_sub_lair_graze_edge], grunt_megastairs_5
Lair:3:   layout_long_grid, ldierk_geyser, tgw_fedhas, grunt_megastairs_2,
          uniq_urug
Lair:4:   layout_cave_pods, dpeg_slime_entry_corner, serial_bayou_shore_b
Lair:5:   evilmike_catoblepas_cave, layout_regular_city,
          chequers_serial_rivers_micro_e, lemuel_centaur_altar,
          infiniplex_staircase_pool_2, grunt_megastairs_1, uniq_snorg

Skill      XL: |  1  2  3  4  5  6  7  8  9 10 11 12 13 14 15 |
---------------+----------------------------------------------+-----
Stealth        | 2 |  2.2
Fighting       | 1 2 3 5 6 8 9 10 11 12 13 | 13.9
Spellcasting   | 3 4 5 6 7 8 9 |  9.6
Dodging        | 3 4 5 6 7 8 9 10 12 | 12.3
Armour         | 1 2 4 5 6 7 8 9 |  9.7
Polearms       | 2 3 |  3.4
Invocations    | 3 4 5 6 8 |  8.1
Staves         | 1 3 4 5 6 |  6.0

Action                     |  1- 3 |  4- 6 |  7- 9 | 10-12 | 13-15 || total
---------------------------+-------+-------+-------+-------+-------++-------
  Melee: Unarmed           |     8 |       |       |       |       ||     8
         Dagger            |    22 |    26 |    13 |       |       ||    61
         Mace              |       |       |    12 |       |       ||    12
         Spear             |       |       |    39 |    55 |       ||    94
         Punch             |       |       |     1 |     2 |       ||     3
         Quarterstaff      |       |       |       |    18 |   153 ||   171
   Cast: Foxfire           |    88 |   195 |   152 |    83 |    76 ||   594
         Volatile Blastmot |       |     5 |    26 |     1 |     1 ||    33
         Scorch            |       |     3 |    33 |    94 |    88 ||   218
         Blink             |       |     1 |     3 |       |     3 ||     7
         Inner Flame       |       |       |     5 |   114 |   134 ||   253
         Tukima's Dance    |       |       |     3 |    13 |    14 ||    30
         Frozen Ramparts   |       |       |     1 |     7 |     5 ||    13
         Summon Small Mamm |       |       |       |     1 |     1 ||     2
         Airstrike         |       |       |       |    62 |    43 ||   105
         Flame Wave        |       |       |       |     4 |    24 ||    28
         Fireball          |       |       |       |       |    26 ||    26
         Simulacrum        |       |       |       |       |     1 ||     1
 Invoke: Elemental Force   |       |       |       |     1 |       ||     1
         Upheaval          |       |       |       |       |     1 ||     1
  Evoke: Wand              |       |       |       |       |     2 ||     2
         Phantom mirror    |       |       |       |       |     1 ||     1
    Use: Scroll            |       |       |    14 |    13 |     5 ||    32
         Potion            |       |       |       |     2 |     5 ||     7
   Stab: Sleeping          |       |     2 |     2 |     1 |       ||     5
 Armour: Robe              |     7 |    10 |    24 |       |       ||    41
         Leather armour    |       |       |       |    76 |    97 ||   173
  Dodge: Dodged            |    23 |    40 |    85 |   139 |   136 ||   423
         Repelled          |       |       |       |     1 |     7 ||     8
  Block: Other             |       |       |       |    22 |    69 ||    91
